 Dungeon Crawl Stone Soup version 0.27.1-37-g7b29ead8ac (console) character file.

Game seed: 15623936185937961621

823 grimtooth the Cleaver (level 7, -3/55 HPs)
             Began as a Palentonga Abyssal Knight on May 14, 2023.
             Was a Believer of Lugonu.
             Succumbed to a water moccasin's poison
             ... on level 5 of the Dungeon.
             The game lasted 00:15:50 (5456 turns).

grimtooth the Cleaver (Palentonga Abyssal Knight)   Turns: 5456, Time: 00:15:50

Health: -3/55      AC:  6    Str: 15    XL:     7   Next: 64%
Magic:  10/10      EV:  9    Int: 12    God:    Lugonu [**....]
Gold:   265        SH:  0    Dex: 10    Spells: 6/6 levels left

rFire    + . .     SeeInvis +   a - +1 hand axe
rCold    . . .     Faith    .   (no shield)
rNeg     . . .     Spirit   +   g - +1 leather armour {rF+}
rPois    .         Reflect  .   i - +0 helmet
rElec    .         Harm     .   (no cloak)
rCorr    .         Rampage  .   (no gloves)
Will     .....     Clarity  +   (no barding)
Stlth    +.........             n - amulet of guardian spirit
HPRegen  0.18/turn              (no ring)
MPRegen  0.12/turn              (no ring)

@: mighty, lethally poisoned (-3 -> -24)
A: large, rugged brown scales 3, see invisible, deformed body, roll 1, armoured
tail, reflexive curl, clarity, screaming 1, weak 1
a: Rolling Charge, Renounce Religion, Depart the Abyss, Bend Space


You were on level 5 of the Dungeon.
You worshipped Lugonu.
Lugonu was pleased with you.
You visited 1 branch of the dungeon, and saw 5 of its levels.
You visited the Abyss 1 time.
You also visited: Sewer.

You collected 265 gold pieces.

Inventory:

Hand Weapons
 a - a +1 hand axe (weapon)
 b - a +0 fustibalus
 e - a +2 dagger of venom
Missiles
 j - 37 stones
 t - 37 poisoned darts (quivered)
 u - 8 boomerangs
 v - 25 sling bullets
Armour
 g - a +1 leather armour of fire resistance (worn)
 i - a +0 helmet (worn)
Jewellery
 l - a ring of fire
 n - an amulet of guardian spirit (around neck)
Scrolls
 c - 3 scrolls of identify {unknown}
 d - 3 scrolls of noise {unknown}
 h - 2 scrolls of teleportation {unknown}
 m - 2 scrolls of blinking {unknown}
 p - 2 scrolls of magic mapping {unknown}
 q - 2 scrolls of fog {unknown}
 s - a scroll of enchant weapon {unknown}
 w - a scroll of fear {unknown}
Potions
 k - a potion of ambrosia {unknown}
 o - a potion of flight {unknown}
 r - 2 potions of mutation
 x - a potion of brilliance {unknown}


   Skills:
 - Level 3.0 Fighting
 * Level 8.0 Axes
 - Level 1.5 Armour
 - Level 0.7 Dodging
 + Level 4.4 Invocations


You had 6 spell levels left.
You didn't know any spells.
Your spell library contained the following spells:

 Spells                   Type           Power      Damage    Failure   Level
 Summon Small Mammal      Summ           0%         N/A       38%         1
 Call Canine Familiar     Summ           0%         N/A       77%         3
 Summon Guardian Golem    Hex/Summ       0%         N/A       77%         3


Dungeon Overview and Level Annotations

Branches:
Dungeon (5/15)              Sewer (visited)
 Temple: D:4-7

Altars:

Shops:
D:2 *

Annotations:
D:4 Sigmund


Innate Abilities, Weirdness & Mutations

You are completely covered in rugged brown scales. (AC +3, +7% HP)
You have supernaturally acute eyesight. (SInv)
Armour fits poorly on your strangely shaped body.
You can roll at nearby foes to attack.
You have a long armoured tail.
You curl defensively after being hit.
You possess an exceptional clarity of mind.
You occasionally shout uncontrollably at your foes.
You are weak. (Str -2)


Message History

The water moccasin poisons you!
You barely miss the water moccasin.
Your tail-slap misses the water moccasin.
The water moccasin is severely wounded.
You feel very sick. The water moccasin bites you.
You hit the water moccasin.
The water moccasin is severely wounded.
You feel sick. The water moccasin bites you.
You are more poisoned.
The water moccasin poisons you!
The water moccasin bites you but does no damage.
You hit the water moccasin.
Your tail-slap misses the water moccasin.
The water moccasin is almost dead.
You feel very sick. The water moccasin bites you.
* * * LOW HITPOINT WARNING * * *
You hit the water moccasin.
The water moccasin is almost dead.
* * * LOW HITPOINT WARNING * * *
You feel very sick.
The water moccasin bites you but does no damage.
You feel very mighty all of a sudden.
* * * LOW HITPOINT WARNING * * *
You feel very sick.
The water moccasin completely misses you.
The water moccasin bites you.
* * * LOW HITPOINT WARNING * * *
You are more poisoned.
The water moccasin poisons you!
You slash the water moccasin!
You kill the water moccasin!
Lugonu accepts your kill.
* * * LOW HITPOINT WARNING * * *
You feel very sick.
Your Axes skill increases to level 8!
Unknown command.
It was a potion of magic.
Magic courses through your body.
You die...

###..#
###..#
.....#
.....#
.....#
.##..#
.##..# .# .#
... . )o..
###########.
.##.#
#...@.......
.# .#
#.##########
.. .


There were no monsters in sight!

Vanquished Creatures
  A water moccasin (D:5)
  A black bear (D:3)
  2 necrophages (D:4)
  A phantom (D:4)
  A scorpion (D:4)
  A water moccasin skeleton (D:5)
  A centaur zombie (D:4)
  An iguana (D:3)
  An orc wizard (D:2)
  5 adders
  A gnoll (D:1)
  2 adder skeletons (D:4)
  2 worms
  2 dart slugs
  10 orcs
  4 endoplasms
  3 giant cockroaches
  11 goblins
  5 hobgoblins
  5 jackals (Sewer)
  5 quokkas
  6 ball pythons
  7 bats
  7 frilled lizards
  15 kobolds
  3 rats
103 creatures vanquished.

Vanquished Creatures (others)
  22 plants (Sewer)
22 creatures vanquished.

Grand Total: 125 creatures vanquished

Notes
Turn   | Place    | Note
-------+----------+-------------------------------------------
     0 | Abyss:1  | grimtooth the Palentonga Abyssal Knight began the quest for
                  | the Orb.
     0 | Abyss:1  | Reached XP level 1. HP: 19/19 MP: 2/2
    52 | Abyss:1  | Noticed a small abomination
    63 | D:1      | Escaped the Abyss
   216 | D:1      | Reached XP level 2. HP: 12/25 MP: 3/3
   234 | D:1      | Reached * piety under Lugonu
   401 | D:1      | Reached skill level 3 in Axes
   884 | D:1      | Reached XP level 3. HP: 20/31 MP: 4/4
  1390 | D:2      | Found a faded altar of an unknown god.
  1436 | D:2      | HP: 1/31 [orc wizard/puff of flame (10)]
  1438 | D:2      | Reached skill level 4 in Axes
  1438 | D:2      | Reached XP level 4. HP: 1/37 MP: 0/5
  1634 | D:2      | Found Cianell's General Store.
  2272 | D:3      | Reached skill level 5 in Axes
  3129 | D:3      | Reached XP level 5. HP: 17/43 MP: 2/6
  3316 | D:4      | Noticed a black bear
  3337 | D:3      | Killed a black bear
  3338 | D:3      | Reached skill level 6 in Axes
  3385 | D:4      | Reached ** piety under Lugonu
  3393 | D:4      | Found a glowing drain.
  3397 | Sewer    | Entered a sewer
  3406 | Sewer    | Reached XP level 6. HP: 32/50 MP: 7/7
  4557 | D:4      | Gained mutation: You are weak. (Str -2) [potion of
                  | mutation]
  4557 | D:4      | Gained mutation: You occasionally shout uncontrollably at
                  | your foes. [potion of mutation]
  4557 | D:4      | Gained mutation: You possess an exceptional clarity of
                  | mind. [potion of mutation]
  4566 | D:4      | HP: 1/50 [scorpion (3)]
  4604 | D:4      | Reached skill level 7 in Axes
  4604 | D:4      | Gained mutation: You curl defensively after being hit.
                  | [Palentonga growth]
  4604 | D:4      | Reached XP level 7. HP: 12/55 MP: 4/9
  5196 | D:4      | Noticed Sigmund
  5285 | D:5      | Entered Level 5 of the Dungeon
  5455 | D:5      | HP: 2/55 [poisoned by a water moccasin]
  5456 | D:5      | Reached skill level 8 in Axes
  5456 | D:5      | Succumbed to a water moccasin's poison

Illustrated notes

Levels and vault maps discovered:
D:1:      scummos_arrival_checkerplants, layout_basic, minmay_distorted
D:2:      layout_loops_ring, basic_ecumenical_altar, serial_shops, shop
D:3:      layout_loops_ring
D:4:      layout_rooms, gup_sewer_entry_bowl, minmay_cupped, uniq_sigmund
D:5:      layout_loops_ring, temple_pool_b, kennysheep_generic_room_5

Skill      XL: |  1  2  3  4  5  6  7 |
---------------+----------------------+-----
Axes           | 3 4 5 6 7 8 |  8.0
Invocations    | 3 4 |  4.4
Fighting       | |  3.0
Armour         | |  1.5
Dodging        | |  0.7

Action                   |  1- 3 |  4- 6 |  7- 9 || total
-------------------------+-------+-------+-------++-------
Melee: Hand axe          |    88 |   244 |    42 ||   374
       Tailslap          |     6 |    26 |     5 ||    37
       Dagger            |     1 |       |       ||     1
 Fire: Fustibalus        |       |       |     1 ||     1
Throw: Stone             |     1 |    16 |       ||    17
       Dart              |       |     3 |       ||     3
Invok: Depart the Abyss  |     1 |       |       ||     1
       Bend Space        |       |     4 |       ||     4
 Abil: Rolling Charge    |    20 |    26 |     2 ||    48
  Use: Potion            |     2 |     6 |     2 ||    10
Armor: Leather armour    |    26 |    84 |    20 ||   130
Dodge: Dodged            |    34 |    98 |    18 ||   150
